 Dungeon Crawl Stone Soup version 0.21-a0-584-g185da8e (webtiles) character file.

292 Ketzopolo the Firebug (level 6, -4/32 HPs)
             Began as a Deep Elf Fire Elementalist on Dec 20, 2017.
             Shot with an arrow by a centaur (10 damage)
             ... on level 3 of the Dungeon.
             The game lasted 00:11:13 (3387 turns).

Ketzopolo the Firebug (Deep Elf Fire Elementalist)  Turns: 3387, Time: 00:11:13

Health: -4/32      AC:  4    Str:  8    XL:     6   Next: 10%
Magic:  11/15      EV: 13    Int: 22    God:
Gold:   119        SH:  0    Dex: 15    Spells: 1/14 levels left

rFire    . . .     SeeInvis .   q - +0 spear
rCold    . . .     Gourm    .   (no shield)
rNeg     . . .     Faith    .   a - +0 robe
rPois    .         Spirit   .   v - +2 hat
rElec    .         Reflect  .   (no cloak)
rCorr    .         Harm     .   (no gloves)
MR       .....                  (no boots)
Stlth    +++.......             (no amulet)
HPRegen  0.10/turn              f - +3 ring of strength
MPRegen  0.14/turn              k - ring of stealth

@: no status effects
A: no striking features
a: no special abilities


You were on level 3 of the Dungeon.
You were not hungry.

You visited 1 branch of the dungeon, and saw 3 of its levels.

You collected 119 gold pieces.

Inventory:

Hand Weapons
 g - a +0 whip
 q - a +0 spear (weapon)
Armour
 a - a +0 robe (worn)
 v - a +2 hat (worn)
Jewellery
 f - a +3 ring of strength (left hand)
 k - a ring of stealth (right hand)
Scrolls
 d - a scroll of remove curse {unknown}
 e - a scroll of fear {unknown}
 h - 4 scrolls of teleportation
 i - a scroll of immolation {unknown}
 l - 2 scrolls of identify {unknown}
 p - a scroll of random uselessness {unknown}
 r - 2 scrolls of amnesia {unknown}
Potions
 j - a potion of heal wounds {unknown}
 m - a potion of agility {unknown}
 n - a potion of resistance {unknown}
 o - 2 potions of degeneration {unknown}
 t - a potion of curing {unknown}
 u - a potion of magic {unknown}
Books
 b - a book of Flames

   Spells                             Type                      Level
   a - Flame Tongue                   Conjuration/Fire             1
   b - Throw Flame                    Conjuration/Fire             2
   c - Conjure Flame                  Conjuration/Fire             3
   d - Inner Flame                    Hexes/Fire                   3
   e - Sticky Flame                   Conjuration/Fire             4
   f - Fireball                       Conjuration/Fire             5
Comestibles
 c - 6 rations
 s - 2 chunks of flesh


   Skills:
 - Level 2.4 Dodging
 - Level 2.4 Stealth
 + Level 4.7 Spellcasting
 * Level 4.2 Conjurations
 * Level 5.4 Fire Magic


You had one spell level left.
You knew the following spells:

 Your Spells              Type           Power        Failure   Level  Hunger
a - Flame Tongue          Conj/Fire      ####.        1%          1    None
b - Conjure Flame         Conj/Fire      ####....     4%          3    ##.....
c - Sticky Flame          Conj/Fire      ####....     14%         4    ####...
d - Fireball              Conj/Fire      ####......   36%         5    #####..


Dungeon Overview and Level Annotations

Branches:
Dungeon (3/15)

Altars:


Message History

The centaur unwields an uncursed shortbow.
The centaur hits you!
There is an open door here.
Casting: Flame Tongue
Confirm with . or Enter, or press ? or * to list all spells.
Aiming: Sticky Flame
Press: ? - help, Shift-Dir - straight line, f - centaur
Aim: a centaur The sticky flame hits the centaur.
The centaur appears unharmed.
The centaur is covered in liquid flames!
The centaur burns!
The centaur closely misses you. The centaur hits you.
* * * LOW HITPOINT WARNING * * *
The bat completely misses you.
The centaur burns!
The bat hits you but does no damage.
You see here an arrow.
The centaur burns!
The bat misses you.
The centaur wields an uncursed shortbow.
The centaur shoots an arrow.
The arrow closely misses you.
The centaur shoots an arrow.
The arrow hits you!
You die...

##.....## # #...(...##### #
#..!....#...# ###
#.......#...#######..
#.....##)..>.......#
#.cb##....####.....
####+#######'##....÷#.##.####
.........†..(...#####.##.# #
............@...# #>.).# #
....)...........#####[.#### #
####+#######'#####....>.).# #
##..(####.##.###.##.
##..(..##..##.# #..#.
#.......#####.# ##.#.
#.......# #)# #.#. #.......#
#.# #.#. ##.....## #.# #.#.


You could see a centaur (burning) and a bat.

Vanquished Creatures
  A sky beast (D:3)
  An orc priest (D:3)
  Terence (D:2)
  3 gnolls (D:2)
  2 adders (D:2)
  An ooze (D:3)
  A dart slug (D:2)
  6 leopard geckos
  5 orcs (D:3)
  5 bats
  12 giant cockroaches
  10 goblins
  5 hobgoblins
  9 jackals
  4 kobolds
  4 frilled lizards (D:1)
  9 rats
79 creatures vanquished.

Notes
Turn   | Place    | Note
-------+----------+-------------------------------------------
     0 | D:1      | Ketzopolo the Deep Elf Fire Elementalist began the quest for the Orb.
     0 | D:1      | Reached XP level 1. HP: 10/10 MP: 6/6
   228 | D:1      | Reached XP level 2. HP: 15/15 MP: 6/8
  1192 | D:2      | Reached XP level 3. HP: 19/19 MP: 7/9
  1225 | D:2      | Learned a level 3 spell: Conjure Flame
  1356 | D:2      | Reached skill level 4 in Fire Magic
  1996 | D:2      | Noticed Terence
  2007 | D:2      | Reached XP level 4. HP: 24/24 MP: 4/11
  2052 | D:2      | Killed Terence
  2415 | D:2      | Learned a level 4 spell: Sticky Flame
  2805 | D:2      | Reached XP level 5. HP: 28/28 MP: 10/13
  3121 | D:3      | Reached skill level 5 in Fire Magic
  3266 | D:3      | Noticed a sky beast
  3274 | D:3      | Killed a sky beast
  3274 | D:3      | Reached XP level 6. HP: 22/32 MP: 5/15
  3281 | D:3      | Learned a level 5 spell: Fireball
  3387 | D:3      | Shot with an arrow by a centaur

Vault maps used:
D:1:      matt_arrival_spirals, corner_web_ring
D:2:      minmay_roachtagon, first_ration, uniq_terence
D:3:      kennysheep_six_static_rooms

Skill      XL: |  1  2  3  4  5 |
---------------+----------------+-----
Conjurations   | 2 3 4 |  4.2
Fire Magic     | 4 5 |  5.4
Spellcasting   | 4 |  4.7
Dodging        | |  2.4
Stealth        | |  2.4

Action                   |  1- 3 |  4- 6 || total
-------------------------+-------+-------++-------
Melee: Spear             |       |     1 ||     1
 Cast: Flame Tongue      |    80 |    61 ||   141
       Conjure Flame     |     2 |       ||     2
       Sticky Flame      |       |     2 ||     2
  Use: Scroll            |     1 |       ||     1
  Eat: Chunk             |     3 |     5 ||     8
Armor: Robe              |     5 |     3 ||     8
Dodge: Dodged            |    16 |    14 ||    30

Table legend:
 A = Spawn XP
 B = Non-spawn XP
 C = Spawn XP percentage of total XP
 D = Spawn monster count
 E = Non-spawn monster count
 F = Spawn count percentage of total count
 G = Total turns spent on level
                    A         B        C        D         E        F      G
               +---------+---------+-------+---------+---------+-------+---------
         Total |       0 |     418 |   0.0 |       0 |      79 |   0.0 |  3387
               +---------+---------+-------+---------+---------+-------+---------
           D:1 |       0 |      40 |   0.0 |       0 |      21 |   0.0 |  1209
           D:2 |       0 |     167 |   0.0 |       0 |      40 |   0.0 |  1713
           D:3 |       0 |     211 |   0.0 |       0 |      18 |   0.0 |   465
               +---------+---------+-------+---------+---------+-------+---------
